4s spam

Match 29041628
End
Engineer Squad
Selects Advanced Infantry Battlegroup
Construct Barracks
Riflemen Squad
Riflemen Squad
Riflemen Squad
Grenade Package
Infantry Support Center
Selects Convert to Ranger Squad
Construct Medical Station
Construct Motor Pool
Selects Frontline Medical Station
Riflemen Squad
M8 Greyhound Armored Car
M1 Anti-tank Gun Team
M1918 Browning Automatic Rifles
Munitions Surplus
Selects Infantry Assault
Engineer Squad
Infantry Assault
M24 Chaffee Light Tank
Riflemen Squad
Infantry Assault
Riflemen Squad
Selects Ammunition Storage
Demolitions Package
Survival Training
Infantry Assault
M1 Anti-tank Gun Team
Infantry Assault
Infantry Assault
Construct Tank Depot
Selects M2A1 105mm Howitzer Emplacement
Selects 155mm Rapid Artillery Barrage
Engineer Squad
155mm Rapid Artillery Barrage
M18 Hellcat Tank Destroyer
Infantry Assault
Infantry Assault
M4A1 Sherman Medium Tank
3nder
Rei
Thomas
Caosak
Lunafreya
Azusa
hinanawi
Cherub
0
0

Comments sign in to comment!

No comments posted yet!